 Dungeon Crawl Stone Soup version 0.19.0-24-gb05acd6 (webtiles) character file.

2893 grisgris the Basher (level 10, -1/77 HPs)
             Began as a Formicid Fighter on Nov 20, 2016.
             Was a Follower of Qazlal.
             Slain by a killer bee (3 damage)
             ... on level 8 of the Dungeon.
             The game lasted 00:24:24 (7654 turns).

grisgris the Basher (Formicid Fighter)              Turns: 7654, Time: 00:24:24

Health: -1/77      AC: 13    Str: 31    XL:     10   Next: 5%
Magic:  10/10      EV: 10    Int: 10    God:    Qazlal [*.....]
Gold:   34         SH: 15    Dex: 12    Spells: 0 memorised, 9 levels left

rFire  x . .     SeeInvis +     i - +0 morningstar
rCold  + + .     Gourm    .     u - +3 chain mail {rC+}
rNeg   . . .     Faith    +     c - +1 shield
rPois  .         Spirit   .     (helmet unavailable)
rElec  .         Reflect  .     (no cloak)
rCorr  .         Harm     .     (no gloves)
MR     +++..                    t - -1 pair of boots "Dusuext" {*Slow MR++ Str+2 Dex+2}
Stlth  ..........               d - amulet of faith
                                q - ring of ice
                                l - +2 ring of intelligence

@: mighty, lethally poisoned (-1 -> -12)
A: permanent stasis, dig shafts and tunnels, four strong arms, antennae 3
a: Dig, Shaft Self, Renounce Religion


You were on level 8 of the Dungeon.
You worshipped Qazlal.
Qazlal was aware of your devotion.
You were not hungry.

You visited 2 branches of the dungeon, and saw 10 of its levels.

You collected 293 gold pieces.
You spent 259 gold pieces at shops.

Inventory:

Hand Weapons
 i - a +0 morningstar (weapon)
Armour
 c - a +1 shield (worn)
 t - the -1 pair of boots "Dusuext" (worn) {*Slow MR++ Str+2 Dex+2}
   (You found it on level 6 of the Dungeon)

   It affects your strength (+2).
   It affects your dexterity (+2).
   It affects your resistance to hostile enchantments.
   It may slow you when you take damage.
 u - a +3 chain mail of cold resistance (worn)
Jewellery
 d - an amulet of faith (around neck)
 l - a +2 ring of intelligence (left hand)
 q - a ring of ice (right hand)
Wands
 a - a wand of digging (21/24)
Scrolls
 e - a scroll of holy word {unknown}
 j - 3 scrolls of remove curse
 A - a scroll of fear
Potions
 h - a potion of magic {unknown}
Books
 g - a book of Clouds

   Spells                             Type                      Level
   a - Mephitic Cloud                 Conjuration/Poison/Air       3
   b - Conjure Flame                  Conjuration/Fire             3
   c - Poisonous Cloud                Conjuration/Poison/Air       6
   d - Freezing Cloud                 Conjuration/Ice/Air          6
   e - Ring of Flames                 Charms/Fire                  7
Comestibles
 f - 8 bread rations
 n - 3 meat rations


   Skills:
 + Level 6.3 Fighting
 + Level 8.8 Maces & Flails
 + Level 6.4 Armour
 + Level 2.4 Dodging
 + Level 8.5 Shields


You had 9 spell levels left.
You didn't know any spells.

Dungeon Overview and Level Annotations

Branches:
Dungeon (9/15)             Temple (1/1) D:7
   Lair: D:8-11         Orc: D:9-12

Altars:
Ashenzari
Cheibriados
Dithmenos
Elyvilon
Fedhas
Gozag
Hepliaklqana
Kikubaaqudgha
Makhleb
Nemelex Xobeh
Okawaru
Qazlal
Ru
Sif Muna
Trog
Uskayaw
Vehumet
Xom
Yredelemnul
Zin
The Shining One

Shops:
D:7 ?


Innate Abilities, Weirdness & Mutations

You are under a permanent stasis effect.
You can dig through walls and to a lower floor.
Your four strong arms can wield two-handed weapons with a shield.
You have a pair of large antennae on your head. (SInv)


Message History

You feel sick. You block the killer bee's attack.
The killer bee stings you but does no damage.
You miss the killer bee.
* * * LOW HITPOINT WARNING * * *
You feel sick. The killer bee barely misses you.
You block the killer bee's attack.
Your shield and chain mail prevent you from hitting the killer bee.
* * * LOW HITPOINT WARNING * * *
You feel sick. You block the killer bee's attack. The killer bee stings you.
* * * LOW HITPOINT WARNING * * *
You are more poisoned.
The killer bee poisons you!
You miss the killer bee.
* * * LOW HITPOINT WARNING * * *
You feel sick.
The killer bee stings you but does no damage. x2
You closely miss the killer bee.
* * * LOW HITPOINT WARNING * * *
You feel sick. The killer bee closely misses you. The killer bee stings you.
You die...

##.##.##.......#...##.#.###### #.
##.##.######...#...##.#.# #.
##.##.######...#...##.#.# #.
...............#...##.#.###### #.
##.#...........#...#.........# #.
##.#........#.[#####.........# #.
##.#........#.># #.........# #.
##.....######.######.........# #.
##.....######.5y@..#.........# #.
##...........#####.#.........###.
##...........#####.##.#'###....#.
...###...?...+.....##.#.# #.##.#.
######.......####..##.#.# #.#(.#.
.............# #.....#.# #.##.#.
######.......####.#####.###.##.#.
...............................#.
...####+#....###.######.###.##.#.


You could see a killer bee and a shadow imp.

Vanquished Creatures
  2 hungry ghosts
  Edmund (D:6)
  2 phantoms
  An orc warrior (D:7)
  2 ogres (D:8)
  A black bear (D:5)
  A centaur (D:6)
  A crocodile (D:8)
  A bullfrog (D:7)
  Blork the orc (D:6)
  A wyvern skeleton (D:8)
  4 scorpions
  5 killer bees (D:8)
  2 howler monkeys
  4 crimson imps
  2 jellies (D:7)
  5 orc priests
  4 orc wizards
  A bullfrog skeleton (D:6)
  4 hounds
  A centaur skeleton (D:6)
  An iguana (D:6)
  6 worker ants
  2 hound zombies (D:7)
  A howler monkey zombie (D:7)
  A worker ant zombie (D:5)
  16 adders
  2 shadow imps
  An ooze (D:1)
  2 worms
  2 dart slugs
  5 leopard geckos
  30 orcs
  5 giant cockroaches
  3 goblins
  6 hobgoblins
  6 jackals
  7 kobolds
  6 quokkas
  2 ball pythons
  7 bats
  6 frilled lizards
  A leopard gecko zombie (D:8)
  2 quokka skeletons
  A quokka zombie (D:8)
  10 rats
177 creatures vanquished.

Notes
Turn   | Place    | Note
-------+----------+-------------------------------------------
     0 | D:1      | grisgris the Formicid Fighter began the quest for the Orb.
     0 | D:1      | Reached XP level 1. HP: 18/18 MP: 1/1
   160 | D:1      | Reached XP level 2. HP: 24/24 MP: 2/2
   450 | D:1      | Reached XP level 3. HP: 30/30 MP: 3/3
   971 | D:2      | Reached XP level 4. HP: 37/37 MP: 4/4
  1805 | D:3      | Reached XP level 5. HP: 40/42 MP: 5/5
  2361 | D:3      | Found a sacrificial altar of Ru.
  2500 | D:3      | Reached XP level 6. HP: 44/48 MP: 6/6
  2757 | D:4      | Reached skill level 5 in Shields
  2965 | D:4      | Noticed a phantom
  3005 | D:4      | Killed a phantom
  3005 | D:4      | Reached skill level 1 in Dodging
  3221 | D:4      | Reached XP level 7. HP: 55/55 MP: 7/7
  3267 | D:4      | Found a bloodstained altar of Trog.
  3376 | D:5      | Entered Level 5 of the Dungeon
  3923 | D:5      | Reached skill level 5 in Maces & Flails
  4073 | D:6      | Noticed Blork the orc
  4086 | D:6      | Killed Blork the orc
  4086 | D:6      | Reached skill level 5 in Fighting
  4091 | D:6      | Reached XP level 8. HP: 47/62 MP: 8/8
  4180 | D:6      | Noticed Edmund
  4201 | D:6      | Killed Edmund
  4450 | D:6      | Got a pair of twisted boots
  4456 | D:6      | Identified the cursed -1 pair of boots "Dusuext" {*Slow MR++ Str+2 Dex+2} (You found it on level 6 of the Dungeon)
  4595 | D:6      | Reached skill level 5 in Armour
  5176 | D:7      | Reached XP level 9. HP: 22/69 MP: 9/9
  5672 | D:7      | Found a staircase to the Ecumenical Temple.
  5912 | D:7      | Found Ranwiuco's Magic Scroll Shoppe.
  5915 | D:7      | Bought a scroll of enchant armour for 105 gold pieces
  5915 | D:7      | Bought a scroll of enchant armour for 105 gold pieces
  5915 | D:7      | Bought a scroll of fear for 49 gold pieces
  5974 | Temple   | Entered the Ecumenical Temple
  6014 | Temple   | Became a worshipper of Qazlal Stormbringer
  6965 | D:8      | Found Veru Tyh's Gadget Emporium.
  7157 | D:8      | Reached * piety under Qazlal
  7293 | D:9      | Reached XP level 10. HP: 55/76 MP: 10/10
  7653 | D:8      | HP: 3/77 [poisoned by a killer bee]
  7654 | D:8      | Slain by a killer bee

Skill      XL: |  1  2  3  4  5  6  7  8  9 |
---------------+----------------------------+-----
Shields        | 4 5 6 8 |  8.5
Maces & Flails | 3 4 5 6 8 |  8.8
Fighting       | 4 5 6 |  6.3
Armour         | 4 5 6 |  6.4
Dodging        | 1 2 |  2.4

Action                   |  1- 3 |  4- 6 |  7- 9 | 10-12 || total
-------------------------+-------+-------+-------+-------++-------
Melee: Flail             |    97 |    64 |    23 |       ||   184
       Whip              |       |    79 |       |       ||    79
       Morningstar       |       |    78 |   432 |    51 ||   561
  Use: Scroll            |       |    10 |    13 |       ||    23
       Potion            |       |     1 |     2 |     1 ||     4
 Stab: Paralysed         |       |     1 |       |       ||     1
  Eat: Meat ration       |       |     1 |       |     1 ||     2
       Chunk             |       |     2 |    13 |       ||    15
       Pizza             |       |       |     1 |       ||     1
       Beef jerky        |       |       |     1 |       ||     1
Armor: Scale mail        |    48 |    80 |    44 |       ||   172
       Chain mail        |       |       |   111 |    11 ||   122
Dodge: Dodged            |    42 |    71 |   135 |    22 ||   270
Block: Shield            |    51 |   105 |   271 |    48 ||   475
